Admirals NSH vs Penguins

Created - Monday, February 23, 2015 at 00:13

Goals
1 2 3 T
Admirals NSH 0 1 0 1
Penguins 2 0 2 4
Shots
1 2 3 T
Admirals NSH 4 11 11 26
Penguins 13 12 12 37

1st period

1. Penguins , Cody Ceci 9 (Linden Vey, Hunter Bishop) at 2:43
2. Penguins , Curtis McKenzie 11 (Xavier Ouellet, Andrej Sustr) at 7:36 (PP)

Penalties :
Jamie Tardif (MIL) for Hooking (Minor) at 7:21, Andrej Sustr (WBS) for Hooking (Minor) at 12:46, Farm Player70 (MIL) for Holding (Minor) at 18:25

2nd period

3. Admirals NSH , Frazer McLaren 18 (Alexey Marchenko) at 7:39

Penalties :
Drew Bagnall (WBS) for Fighting (Major) at 2:26, Frazer McLaren (MIL) for Fighting (Major) at 2:26, Drew Bagnall (WBS) for instigated a fight (Minor) at 2:26, Drew Bagnall (WBS) for instigated a fight (10 Minutes Misconduct) at 2:26, Matt Kassian (WBS) for Tripping (Minor) at 12:11, Jeff Schultz (WBS) for Tripping (Minor) at 16:39

3rd period

4. Penguins , Carson McMillan 10 (Cody Ceci, Linden Vey) at 9:01 (PP)
5. Penguins , Andrej Sustr 51 (Linden Vey, Cody Ceci) at 10:17 (SH)

Penalties :
Matt Kassian (WBS) for Holding (Minor) at 1:55, Farm Player70 (MIL) for Interference (Minor) at 6:35, Patrick Mullen (MIL) for Goalie Interference (Minor) at 8:48, Curtis McKenzie (WBS) for Holding (Minor) at 9:27

Goalie Stats

Johan Gustafsson (MIL), 33 saves from 37 shots - (0.892), L, 20-45-5, 60:00 minutes
Keith Kinkaid (WBS), 25 saves from 26 shots - (0.962), W, 32-5-13, 60:00 minutes

Players Stats for Admirals NSH

Player Name              G  A  P  +/- PIM S  H  SB GA TA FO     MP     PP MP  PK MP  
------------------------------------------------------------------------------------
Alexey Marchenko         0  1  1   1  0   1  3  4  1  1  0/0    26:53   6:50   2:32 
Brody Sutter             0  0  0   0  0   2  3  0  7  1  8/12   23:06   6:16   0:00 
Cameron Schilling        0  0  0  -1  0   3  0  1  0  0  0/0    17:00   0:00   2:59 
Corey Tropp              0  0  0  -1  0   3  0  2  4  0  0/2    20:14   5:34   0:00 
Farm Player70            0  0  0   1  4   0  1  0  0  0  1/3    18:13   1:04   0:15 
Frazer McLaren           1  0  1   1  5   3  5  0  2  0  0/0    20:04   4:27   1:55 
Frederic St. Denis       0  0  0   0  0   0  0  0  0  0  0/0     1:41   0:36   0:00 
Fredrik Claesson         0  0  0  -2  0   2  2  4  0  1  0/0    28:48   5:14   1:41 
Jamie Tardif             0  0  0  -2  2   0  1  0  0  0  1/3    23:44   6:03   2:00 
Jyrki Jokipakka          0  0  0  -1  0   2  0  0  0  0  0/0    18:56   5:14   0:00 
Lane MacDermid           0  0  0   0  0   0  0  0  0  0  0/0     0:29   0:00   0:00 
Marcel Noebels           0  0  0   0  0   2  2  0  0  0  0/0    15:27   0:10   0:00 
Mike Blunden             0  0  0  -1  0   1  1  0  0  0  6/15   24:02   5:34   1:52 
Nikita Nesterov          0  0  0   0  0   0  0  0  0  0  0/0     0:00   0:00   0:00 
Patrick Mullen           0  0  0   1  2   2  1  4  1  2  0/0    26:42   6:40   1:27 
Pierre-Cedric Labrie     0  0  0  -1  0   3  1  0  2  0  0/2    19:58   5:12   0:29 
Wade Megan               0  0  0   0  0   0  0  0  0  0  0/0     0:40   0:00   0:00 
Zach Hamill              0  0  0   0  0   2  2  0  0  2  3/5     9:32   0:36   2:34 

Players Stats for Penguins

Player Name              G  A  P  +/- PIM S  H  SB GA TA FO     MP     PP MP  PK MP  
------------------------------------------------------------------------------------
Andrej Sustr             1  1  2   1  2   4  0  2  2  2  0/0    19:51   2:24   3:42 
Carson McMillan          1  0  1   0  0   3  1  0  0  1  1/1     9:49   2:41   0:00 
Charles Sarault          0  0  0  -1  0   3  1  1  0  1  5/11   16:55   1:45   0:00 
Cody Ceci                1  2  3   0  0   7  2  1  2  1  0/0    26:31   2:02   7:14 
Curtis McKenzie          1  0  1   0  2   3  2  1  1  0  8/14   23:50   2:04   5:30 
Dan Biega                0  0  0   0  0   0  0  2  1  1  0/0    12:39   0:00   0:00 
Dean Arsene              0  0  0   1  0   0  0  0  0  0  0/0     9:35   0:00   0:39 
Drew Bagnall             0  0  0   0  17  0  0  0  0  1  0/0    10:50   0:00   0:58 
Dustin Gazley            0  0  0   2  0   0  0  0  1  1  2/3    13:48   0:00   4:45 
Garrett Meurs            0  0  0  -1  0   2  1  0  0  0  0/3    18:59   1:45   1:23 
Hunter Bishop            0  1  1   1  0   1  1  0  0  0  1/1    11:58   0:37   0:00 
Jeff Schultz             0  0  0  -1  2   6  0  1  0  1  0/0    20:39   2:02   6:35 
Linden Vey               0  3  3   2  0   2  1  1  3  0  5/8    22:02   2:04   7:15 
Matt Kassian             0  0  0   0  4   1  2  0  2  0  0/0    15:40   0:00   1:26 
Matt Mangene             0  0  0   0  0   0  1  0  0  0  1/1    12:19   0:37   0:00 
Philippe Cornet          0  0  0  -1  0   4  4  0  2  0  0/0    21:45   1:45   3:29 
Trevor Parkes            0  0  0   0  0   0  0  0  0  0  0/0     0:00   0:00   0:00 
Xavier Ouellet           0  1  1   1  0   1  2  0  1  1  0/0    20:50   2:24   4:40 

3 Stars

1 - Cody Ceci (WBS)
2 - Linden Vey (WBS)
3 - Keith Kinkaid (WBS)

Power Play

Admirals NSH - 0 on 6 Attempt(s) - 0.00%
Penguins - 2 on 4 Attempt(s) - 50.00%

Penalty Kill

Admirals NSH - 2 on 4 Attempt(s) - 50.00% - Score 0 goal in Penalty Kill
Penguins - 6 on 6 Attempt(s) - 100.00% - Score 1 goal in Penalty Kill

Team Stat

Admirals NSH - Hits : 22 - Faceoff Wins : 19 - Blocked Shots : 15 - Penalty Minutes : 13
Penguins - Hits : 18 - Faceoff Wins : 23 - Blocked Shots : 9 - Penalty Minutes : 27

Official

Referees : Unknown
Linesman : Unknown

Game Notes

Frazer McLaren beats up Drew Bagnall at 2:26 of 2nd period

Finance

Level 1 -- Attendance: 1402 (70.10%) -- Ticket Income $49,070
Level 2 -- Attendance: 695 (69.50%) -- Ticket Income $10,425
Total Attendance: 2097 (69.90%)
Total Ticket Income: $59,495
Other Income: $29,153
Total Income: $88,648

Admirals NSH

5 vs 5 Forward 
   Center                   Left Wing                Right Wing               Time % Phy DF OF 
 1 Jamie Tardif             Mike Blunden             Corey Tropp              25     1   2  2  
 2 Brody Sutter             Frazer McLaren           Pierre-Cedric Labrie     25     1   2  2  
 3 Mike Blunden             Corey Tropp              Jamie Tardif             25     1   2  2  
 4 Mike Blunden             Marcel Noebels           Brody Sutter             25     1   2  2  

5 vs 5 Defense 
   Defense                  Defense                                           Time % Phy DF OF 
 1 Fredrik Claesson         Jyrki Jokipakka                                   30     1   2  2  
 2 Patrick Mullen           Alexey Marchenko                                  28     1   2  2  
 3 Fredrik Claesson         Cameron Schilling                                 21     1   2  2  
 4 Fredrik Claesson         Patrick Mullen                                    21     1   2  2  

PowerPlay Forward 
   Center                   Left Wing                Right Wing               Time % Phy DF OF 
 1 Mike Blunden             Frazer McLaren           Corey Tropp              50     1   2  2  
 2 Brody Sutter             Jamie Tardif             Pierre-Cedric Labrie     50     1   2  2  

PowerPlay Defense
   Defense                  Defense                                           Time % Phy DF OF 
 1 Fredrik Claesson         Jyrki Jokipakka                                   50     1   2  2  
 2 Patrick Mullen           Alexey Marchenko                                  50     1   2  2  

Penalty Kill 4 Players Forward 
   Center                   Wing                     Time % Phy DF OF 
 1 Mike Blunden             Jamie Tardif             60     1   2  2  
 2 Corey Tropp              Brody Sutter             40     1   2  2  

Penalty Kill 4 Players Defense
   Defense                  Defense                  Time % Phy DF OF 
 1 Fredrik Claesson         Cameron Schilling        60     1   2  2  
 2 Patrick Mullen           Alexey Marchenko         40     1   2  2  

Penalty Kill - 3 Players Forward 
   Forward                                           Time % Phy DF OF 
 1 Brody Sutter                                      60     1   2  2  
 2 Mike Blunden                                      40     1   2  2  

Penalty Kill - 3 Players Defense
   Defense                  Defense                  Time % Phy DF OF 
 1 Fredrik Claesson         Cameron Schilling        60     1   2  2  
 2 Patrick Mullen           Alexey Marchenko         40     1   2  2  

4 vs 4 Forward 
   Center                   Wing                     Time % Phy DF OF 
 1 Jamie Tardif             Mike Blunden             60     1   2  2  
 2 Corey Tropp              Brody Sutter             40     1   2  2  

4 vs 4 Defense
   Defense                  Defense                  Time % Phy DF OF 
 1 Fredrik Claesson         Jyrki Jokipakka          60     1   2  2  
 2 Patrick Mullen           Alexey Marchenko         40     1   2  2  

Last Minutes Offensive
   Center                   Left Wing                Right Wing               Defense                  Defense                  
   Brody Sutter             Mike Blunden             Corey Tropp              Fredrik Claesson         Jyrki Jokipakka          

Last Minutes Defensive
   Center                   Left Wing                Right Wing               Defense                  Defense                  
   Brody Sutter             Mike Blunden             Corey Tropp              Fredrik Claesson         Jyrki Jokipakka          

Goaltenders
Starting : Johan Gustafsson         
Backup : Jeremy Smith             

Extra Forwards
Normal : Jamie Tardif, Brody Sutter, Mike Blunden - PP : Jamie Tardif, Brody Sutter - PK : Brody Sutter
Extra Defensemen
Normal : Fredrik Claesson, Cameron Schilling, Patrick Mullen - PP : Fredrik Claesson - PK : Cameron Schilling, Patrick Mullen
Penalty Shots
Corey Tropp, Jamie Tardif, Frazer McLaren, Brody Sutter, Mike Blunden

Penguins

5 vs 5 Forward 
   Center                   Left Wing                Right Wing               Time % Phy DF OF 
 1 Linden Vey               Curtis McKenzie          Carson McMillan          35     1   2  2  
 2 Charles Sarault          Philippe Cornet          Garrett Meurs            30     1   2  2  
 3 Curtis McKenzie          Matt Kassian             Matt Mangene             22     1   2  2  
 4 Linden Vey               Hunter Bishop            Dustin Gazley            13     1   2  2  

5 vs 5 Defense 
   Defense                  Defense                                           Time % Phy DF OF 
 1 Cody Ceci                Jeff Schultz                                      35     1   2  2  
 2 Andrej Sustr             Xavier Ouellet                                    30     1   2  2  
 3 Dan Biega                Drew Bagnall                                      22     1   2  2  
 4 Dean Arsene              Cody Ceci                                         13     1   2  2  

PowerPlay Forward 
   Center                   Left Wing                Right Wing               Time % Phy DF OF 
 1 Linden Vey               Curtis McKenzie          Carson McMillan          60     1   2  2  
 2 Charles Sarault          Philippe Cornet          Garrett Meurs            40     1   2  2  

PowerPlay Defense
   Defense                  Defense                                           Time % Phy DF OF 
 1 Cody Ceci                Jeff Schultz                                      60     1   2  2  
 2 Andrej Sustr             Xavier Ouellet                                    40     1   2  2  

Penalty Kill 4 Players Forward 
   Center                   Wing                     Time % Phy DF OF 
 1 Curtis McKenzie          Linden Vey               60     1   2  2  
 2 Philippe Cornet          Matt Kassian             40     1   2  2  

Penalty Kill 4 Players Defense
   Defense                  Defense                  Time % Phy DF OF 
 1 Cody Ceci                Jeff Schultz             60     1   2  2  
 2 Andrej Sustr             Xavier Ouellet           40     1   2  2  

Penalty Kill - 3 Players Forward 
   Forward                                           Time % Phy DF OF 
 1 Curtis McKenzie                                   60     1   2  2  
 2 Linden Vey                                        40     1   2  2  

Penalty Kill - 3 Players Defense
   Defense                  Defense                  Time % Phy DF OF 
 1 Cody Ceci                Jeff Schultz             60     1   2  2  
 2 Andrej Sustr             Xavier Ouellet           40     1   2  2  

4 vs 4 Forward 
   Center                   Wing                     Time % Phy DF OF 
 1 Curtis McKenzie          Linden Vey               60     1   2  2  
 2 Philippe Cornet          Matt Kassian             40     1   2  2  

4 vs 4 Defense
   Defense                  Defense                  Time % Phy DF OF 
 1 Cody Ceci                Jeff Schultz             60     1   2  2  
 2 Andrej Sustr             Xavier Ouellet           40     1   2  2  

Last Minutes Offensive
   Center                   Left Wing                Right Wing               Defense                  Defense                  
   Linden Vey               Curtis McKenzie          Carson McMillan          Cody Ceci                Jeff Schultz             

Last Minutes Defensive
   Center                   Left Wing                Right Wing               Defense                  Defense                  
   Linden Vey               Curtis McKenzie          Carson McMillan          Cody Ceci                Jeff Schultz             

Goaltenders
Starting : Keith Kinkaid            
Backup : Mark Visentin            

Extra Forwards
Normal : Hunter Bishop, Matt Mangene, Dustin Gazley - PP : Hunter Bishop, Matt Mangene - PK : Dustin Gazley
Extra Defensemen
Normal : Dan Biega, Drew Bagnall, Dean Arsene - PP : Dan Biega - PK : Drew Bagnall, Dean Arsene
Penalty Shots
Curtis McKenzie, Linden Vey, Philippe Cornet, Matt Kassian, Carson McMillan

% Time on Ice - Admirals NSH

Lines # - Real PCT - Wanted PCT - Time Play
Normal Forward
1 - 16% - 25% - 7:03
2 - 36% - 25% - 15:36
3 - 18% - 25% - 7:47
4 - 30% - 25% - 13:14
Normal Defense
1 - 32% - 30% - 14:07
2 - 34% - 28% - 14:43
3 - 27% - 21% - 11:45
4 - 7% - 21% - 3:05
PP Forward
1 - 52% - 50% - 6:10
2 - 48% - 50% - 5:44
PP Defense
1 - 44% - 50% - 5:14
2 - 56% - 50% - 6:40
PK Forward
1 - 100% - 60% - 4:26
2 - 0% - 40% - 0:00
PK Defense
1 - 67% - 60% - 2:59
2 - 33% - 40% - 1:27
PK3 Forward
1 - 0% - 60%
2 - 0% - 40%
PK3 Defense
1 - 0% - 60%
2 - 0% - 40%
44 Forward
1 - 0% - 60%
2 - 0% - 40%
44 Defense
1 - 0% - 60%
2 - 0% - 40%
Last Minute Offensive  - 0:00
Last Minute Defensive  - 0:00
Total
Forward - 60:00
Defense - 60:00

% Time on Ice - Penguins

Lines # - Real PCT - Wanted PCT - Time Play
Normal Forward
1 - 17% - 35% - 7:36
2 - 41% - 30% - 17:45
3 - 26% - 22% - 11:14
4 - 16% - 13% - 7:05
Normal Defense
1 - 27% - 35% - 11:56
2 - 32% - 30% - 13:46
3 - 29% - 22% - 12:39
4 - 12% - 13% - 5:19
PP Forward
1 - 61% - 60% - 2:41
2 - 39% - 40% - 1:45
PP Defense
1 - 46% - 60% - 2:02
2 - 54% - 40% - 2:24
PK Forward
1 - 80% - 60% - 9:34
2 - 20% - 40% - 2:20
PK Defense
1 - 61% - 60% - 7:14
2 - 39% - 40% - 4:40
PK3 Forward
1 - 0% - 60%
2 - 0% - 40%
PK3 Defense
1 - 0% - 60%
2 - 0% - 40%
44 Forward
1 - 0% - 60%
2 - 0% - 40%
44 Defense
1 - 0% - 60%
2 - 0% - 40%
Last Minute Offensive  - 0:00
Last Minute Defensive  - 0:00
Total
Forward - 60:00
Defense - 60:00

Play by Play

1st period


0:01 of 1st period - Carson McMillan wins face-off versus Jamie Tardif in neutral zone.
1:55 of 1st period - Wrist shot by Marcel Noebels.
1:55 of 1st period - Stopped by Keith Kinkaid with a rebound.
1:57 of 1st period - Slapshot by Marcel Noebels.
1:57 of 1st period - Shot Misses the Net.
1:59 of 1st period - Slapshot by Cameron Schilling.
1:59 of 1st period - Deflect By Andrej Sustr.
1:59 of 1st period - Stopped by Keith Kinkaid with a rebound.
2:31 of 1st period - Icing by Jamie Tardif.
2:32 of 1st period - Hunter Bishop wins face-off versus Mike Blunden in Admirals NSH zone.
2:39 of 1st period - Backhand shot by Cody Ceci.
2:39 of 1st period - Shot Blocked by Fredrik Claesson.
2:41 of 1st period - Snap shot by Linden Vey.
2:41 of 1st period - Shot Misses the Net.
2:43 of 1st period - Slapshot by Cody Ceci.
2:43 of 1st period - Goal by Cody Ceci - Admirals NSH : 0 - Penguins : 1.
2:44 of 1st period - Brody Sutter wins face-off versus Curtis McKenzie in neutral zone.
3:09 of 1st period - Pierre-Cedric Labrie is hit by Curtis McKenzie and loses puck.
3:18 of 1st period - Carson McMillan is hit by Brody Sutter and loses puck.
3:45 of 1st period - Patrick Mullen is hit by Matt Kassian and loses puck.
3:50 of 1st period - Backhand shot by Matt Kassian.
3:50 of 1st period - Deflect By Curtis McKenzie.
3:50 of 1st period - Stopped by Johan Gustafsson with a rebound.
3:52 of 1st period - Wrist shot by Matt Kassian.
3:52 of 1st period - Shot Blocked by Alexey Marchenko.
3:54 of 1st period - Snap shot by Dean Arsene.
3:54 of 1st period - Shot Blocked by Patrick Mullen.
4:10 of 1st period - Slapshot by Linden Vey.
4:10 of 1st period - Shot Misses the Net.
4:16 of 1st period - Slapshot by Cody Ceci.
4:16 of 1st period - Deflect By Linden Vey.
4:16 of 1st period - Stopped by Johan Gustafsson without a rebound.
4:17 of 1st period - Linden Vey wins face-off versus Jamie Tardif in Admirals NSH zone.
5:03 of 1st period - Icing by Xavier Ouellet.
5:04 of 1st period - Charles Sarault wins face-off versus Farm Player70 in Penguins zone.
5:21 of 1st period - Fredrik Claesson is hit by Philippe Cornet and loses puck.
5:44 of 1st period - Snap shot by Matt Kassian.
5:44 of 1st period - Stopped by Johan Gustafsson with a rebound.
6:45 of 1st period - Charles Sarault is hit by Frazer McLaren and loses puck.
7:11 of 1st period - Jeff Schultz is hit by Zach Hamill and loses puck.
7:21 of 1st period - Minor Penalty to Jamie Tardif for Hooking.
7:22 of 1st period - Mike Blunden wins face-off versus Linden Vey in Admirals NSH zone.
7:34 of 1st period - Slapshot by Andrej Sustr.
7:34 of 1st period - Shot Misses the Net.
7:36 of 1st period - Snap shot by Xavier Ouellet.
7:36 of 1st period - Deflect By Curtis McKenzie.
7:36 of 1st period - Goal by Curtis McKenzie - Admirals NSH : 0 - Penguins : 2.
7:37 of 1st period - Curtis McKenzie wins face-off versus Mike Blunden in neutral zone.
7:42 of 1st period - Snap shot by Matt Kassian.
7:42 of 1st period - Shot Blocked by Corey Tropp.
7:44 of 1st period - Slapshot by Cody Ceci.
7:44 of 1st period - Shot Blocked by Fredrik Claesson.
7:46 of 1st period - Slapshot by Jeff Schultz.
7:46 of 1st period - Stopped by Johan Gustafsson with a rebound.
7:48 of 1st period - Slapshot by Curtis McKenzie.
7:48 of 1st period - Shot Misses the Net.
8:25 of 1st period - Snap shot by Cody Ceci.
8:25 of 1st period - Deflect By Mike Blunden.
8:25 of 1st period - Stopped by Johan Gustafsson without a rebound.
8:26 of 1st period - Charles Sarault wins face-off versus Pierre-Cedric Labrie in Admirals NSH zone.
8:27 of 1st period - Slapshot by Andrej Sustr.
8:27 of 1st period - Stopped by Johan Gustafsson with a rebound.
10:06 of 1st period - Farm Player70 is hit by Cody Ceci and loses puck.
10:57 of 1st period - Marcel Noebels is hit by Garrett Meurs and loses puck.
12:18 of 1st period - Cody Ceci is hit by Zach Hamill.
12:36 of 1st period - Snap shot by Charles Sarault.
12:36 of 1st period - Stopped by Johan Gustafsson without a rebound.
12:37 of 1st period - Zach Hamill wins face-off versus Charles Sarault in Admirals NSH zone.
12:37 of 1st period - Zach Hamill is hit by Xavier Ouellet.
12:46 of 1st period - Minor Penalty to Andrej Sustr for Hooking.
12:47 of 1st period - Curtis McKenzie wins face-off versus Corey Tropp in Penguins zone.
12:55 of 1st period - Cody Ceci is hit by Mike Blunden and loses puck.
13:02 of 1st period - Backhand shot by Corey Tropp.
13:02 of 1st period - Shot Misses the Net.
13:06 of 1st period - Slapshot by Corey Tropp.
13:06 of 1st period - Shot Blocked by Cody Ceci.
13:24 of 1st period - Pierre-Cedric Labrie is hit by Philippe Cornet and loses puck.
13:47 of 1st period - Wrist shot by Corey Tropp.
13:47 of 1st period - Stopped by Keith Kinkaid without a rebound.
13:48 of 1st period - Dustin Gazley wins face-off versus Mike Blunden in Penguins zone.
14:26 of 1st period - Wrist shot by Garrett Meurs.
14:26 of 1st period - Stopped by Johan Gustafsson without a rebound.
14:27 of 1st period - Brody Sutter wins face-off versus Garrett Meurs in Admirals NSH zone.
14:32 of 1st period - Drew Bagnall is hit by Alexey Marchenko and loses puck.
14:46 of 1st period - Penalty to Andrej Sustr is over, Andrej Sustr is back on ice.
15:15 of 1st period - Cameron Schilling is hit by Philippe Cornet.
15:25 of 1st period - Snap shot by Marcel Noebels.
15:25 of 1st period - Shot Misses the Net.
16:10 of 1st period - Hunter Bishop is hit by Marcel Noebels and loses puck.
16:17 of 1st period - Brody Sutter is hit by Hunter Bishop and loses puck.
16:34 of 1st period - Matt Mangene is hit by Brody Sutter and loses puck.
16:56 of 1st period - Wrist shot by Charles Sarault.
16:56 of 1st period - Shot Blocked by Alexey Marchenko.
16:58 of 1st period - Snap shot by Hunter Bishop.
16:58 of 1st period - Shot Misses the Net.
17:00 of 1st period - Wrist shot by Drew Bagnall.
17:00 of 1st period - Shot Misses the Net.
17:02 of 1st period - Snap shot by Hunter Bishop.
17:02 of 1st period - Shot Misses the Net.
17:04 of 1st period - Snap shot by Charles Sarault.
17:04 of 1st period - Stopped by Johan Gustafsson with a rebound.
17:44 of 1st period - Patrick Mullen is hit by Philippe Cornet and loses puck.
17:49 of 1st period - Slapshot by Andrej Sustr.
17:49 of 1st period - Stopped by Johan Gustafsson with a rebound.
18:25 of 1st period - Minor Penalty to Farm Player70 for Holding.
18:26 of 1st period - Zach Hamill wins face-off versus Linden Vey in Admirals NSH zone.
18:33 of 1st period - Linden Vey is hit by Frazer McLaren and loses puck.
19:12 of 1st period - Slapshot by Zach Hamill.
19:12 of 1st period - Stopped by Keith Kinkaid with a rebound.
19:37 of 1st period - Slapshot by Cody Ceci.
19:37 of 1st period - Shot Misses the Net.
19:39 of 1st period - Slapshot by Cody Ceci.
19:39 of 1st period - Deflect By Hunter Bishop.
19:39 of 1st period - Stopped by Johan Gustafsson with a rebound.
Goals for this period are 0 for Admirals NSH vs 2 for Penguins.
Shots for this period are 4 for Admirals NSH vs 13 for Penguins.

2nd period


0:01 of 2nd period - Linden Vey wins face-off versus Mike Blunden in neutral zone.
0:16 of 2nd period - Slapshot by Linden Vey.
0:16 of 2nd period - Shot Misses the Net.
0:18 of 2nd period - Slapshot by Cody Ceci.
0:18 of 2nd period - Deflect By Jamie Tardif.
0:18 of 2nd period - Stopped by Johan Gustafsson with a rebound.
0:20 of 2nd period - Slapshot by Jeff Schultz.
0:20 of 2nd period - Stopped by Johan Gustafsson with a rebound.
0:22 of 2nd period - Snap shot by Curtis McKenzie.
0:22 of 2nd period - Stopped by Johan Gustafsson with a rebound.
0:24 of 2nd period - Slapshot by Linden Vey.
0:24 of 2nd period - Shot Misses the Net.
0:25 of 2nd period - Penalty to Farm Player70 is over, Farm Player70 is back on ice.
0:26 of 2nd period - Snap shot by Jeff Schultz.
0:26 of 2nd period - Stopped by Johan Gustafsson with a rebound.
0:28 of 2nd period - Slapshot by Jeff Schultz.
0:28 of 2nd period - Stopped by Johan Gustafsson with a rebound.
1:07 of 2nd period - Slapshot by Pierre-Cedric Labrie.
1:07 of 2nd period - Deflect By Frazer McLaren.
1:07 of 2nd period - Shot Blocked by Charles Sarault.
1:07 of 2nd period - Puck is out of play.
1:08 of 2nd period - Brody Sutter wins face-off versus Curtis McKenzie in Penguins zone.
1:24 of 2nd period - Off-side.
1:25 of 2nd period - Jamie Tardif wins face-off versus Curtis McKenzie in neutral zone.
1:32 of 2nd period - Snap shot by Corey Tropp.
1:32 of 2nd period - Stopped by Keith Kinkaid with a rebound.
1:38 of 2nd period - Wrist shot by Curtis McKenzie.
1:38 of 2nd period - Shot Misses the Net.
2:06 of 2nd period - Slapshot by Brody Sutter.
2:06 of 2nd period - Shot Blocked by Dan Biega.
2:08 of 2nd period - Slapshot by Cameron Schilling.
2:08 of 2nd period - Stopped by Keith Kinkaid with a rebound.
2:10 of 2nd period - Snap shot by Frazer McLaren.
2:10 of 2nd period - Stopped by Keith Kinkaid with a rebound.
2:12 of 2nd period - Snap shot by Pierre-Cedric Labrie.
2:12 of 2nd period - Shot Misses the Net.
2:14 of 2nd period - Wrist shot by Brody Sutter.
2:14 of 2nd period - Shot Misses the Net.
2:16 of 2nd period - Wrist shot by Fredrik Claesson.
2:16 of 2nd period - Stopped by Keith Kinkaid with a rebound.
2:26 of 2nd period - Frazer McLaren beats up Drew Bagnall.
2:26 of 2nd period - Penalty to Drew Bagnall for Fighting.
2:26 of 2nd period - Penalty to Frazer McLaren for Fighting.
2:26 of 2nd period - Penalty to Drew Bagnall for instigated a fight.
2:26 of 2nd period - Penalty to Drew Bagnall for instigated a fight.
2:27 of 2nd period - Curtis McKenzie wins face-off versus Mike Blunden in neutral zone.
3:24 of 2nd period - Brody Sutter is hit by Linden Vey and loses puck.
3:39 of 2nd period - Slapshot by Andrej Sustr.
3:39 of 2nd period - Stopped by Johan Gustafsson with a rebound.
3:41 of 2nd period - Snap shot by Xavier Ouellet.
3:41 of 2nd period - Shot Blocked by Fredrik Claesson.
3:59 of 2nd period - Snap shot by Matt Kassian.
3:59 of 2nd period - Deflect By Philippe Cornet.
3:59 of 2nd period - Shot Misses the Net.
3:59 of 2nd period - Puck is out of play.
4:00 of 2nd period - Curtis McKenzie wins face-off versus Brody Sutter in Admirals NSH zone.
4:07 of 2nd period - Slapshot by Cody Ceci.
4:07 of 2nd period - Stopped by Johan Gustafsson with a rebound.
4:09 of 2nd period - Wrist shot by Curtis McKenzie.
4:09 of 2nd period - Shot Blocked by Patrick Mullen.
4:19 of 2nd period - Cody Ceci is hit by Alexey Marchenko and loses puck.
4:26 of 2nd period - Penalty to Drew Bagnall is over, Dustin Gazley is send on ice.
5:13 of 2nd period - Off-side.
5:14 of 2nd period - Farm Player70 wins face-off versus Charles Sarault in neutral zone.
5:53 of 2nd period - Xavier Ouellet is hit by Jamie Tardif.
6:20 of 2nd period - Matt Kassian is hit by Pierre-Cedric Labrie and loses puck.
6:40 of 2nd period - Linden Vey is hit by Fredrik Claesson and loses puck.
6:55 of 2nd period - Wrist shot by Corey Tropp.
6:55 of 2nd period - Shot Blocked by Dan Biega.
6:57 of 2nd period - Slapshot by Patrick Mullen.
6:57 of 2nd period - Shot Blocked by Curtis McKenzie.
7:03 of 2nd period - Snap shot by Marcel Noebels.
7:03 of 2nd period - Shot Misses the Net.
7:17 of 2nd period - Slapshot by Cameron Schilling.
7:17 of 2nd period - Stopped by Keith Kinkaid without a rebound.
7:18 of 2nd period - Brody Sutter wins face-off versus Charles Sarault in Penguins zone.
7:37 of 2nd period - Wrist shot by Frazer McLaren.
7:37 of 2nd period - Shot Misses the Net.
7:39 of 2nd period - Wrist shot by Frazer McLaren.
7:39 of 2nd period - Goal by Frazer McLaren - Admirals NSH : 1 - Penguins : 2.
7:40 of 2nd period - Mike Blunden wins face-off versus Charles Sarault in neutral zone.
8:13 of 2nd period - Backhand shot by Cody Ceci.
8:13 of 2nd period - Shot Blocked by Patrick Mullen.
8:15 of 2nd period - Slapshot by Jeff Schultz.
8:15 of 2nd period - Stopped by Johan Gustafsson with a rebound.
8:40 of 2nd period - Snap shot by Linden Vey.
8:40 of 2nd period - Stopped by Johan Gustafsson with a rebound.
10:10 of 2nd period - Off-side.
10:11 of 2nd period - Mike Blunden wins face-off versus Charles Sarault in neutral zone.
10:14 of 2nd period - Snap shot by Mike Blunden.
10:14 of 2nd period - Shot Misses the Net.
11:41 of 2nd period - Slapshot by Cody Ceci.
11:41 of 2nd period - Shot Misses the Net.
11:43 of 2nd period - Snap shot by Philippe Cornet.
11:43 of 2nd period - Stopped by Johan Gustafsson with a rebound.
11:45 of 2nd period - Wrist shot by Philippe Cornet.
11:45 of 2nd period - Shot Blocked by Corey Tropp.
11:47 of 2nd period - Slapshot by Jeff Schultz.
11:47 of 2nd period - Stopped by Johan Gustafsson with a rebound.
12:03 of 2nd period - Snap shot by Cody Ceci.
12:03 of 2nd period - Shot Blocked by Alexey Marchenko.
12:11 of 2nd period - Minor Penalty to Matt Kassian for Tripping.
12:12 of 2nd period - Curtis McKenzie wins face-off versus Pierre-Cedric Labrie in Penguins zone.
12:54 of 2nd period - Off-side.
12:55 of 2nd period - Dustin Gazley wins face-off versus Zach Hamill in neutral zone.
12:58 of 2nd period - Snap shot by Cody Ceci.
12:58 of 2nd period - Shot Blocked by Alexey Marchenko.
13:04 of 2nd period - Cody Ceci is hit by Frazer McLaren and loses puck.
14:11 of 2nd period - Penalty to Matt Kassian is over, Matt Kassian is back on ice.
14:58 of 2nd period - Wrist shot by Philippe Cornet.
14:58 of 2nd period - Stopped by Johan Gustafsson with a rebound.
15:06 of 2nd period - Charles Sarault is hit by Marcel Noebels and loses puck.
15:31 of 2nd period - Pierre-Cedric Labrie is hit by Curtis McKenzie and loses puck.
15:42 of 2nd period - Xavier Ouellet is hit by Frazer McLaren.
16:02 of 2nd period - Wrist shot by Corey Tropp.
16:02 of 2nd period - Shot Misses the Net.
16:04 of 2nd period - Snap shot by Corey Tropp.
16:04 of 2nd period - Shot Misses the Net.
16:39 of 2nd period - Minor Penalty to Jeff Schultz for Tripping.
16:40 of 2nd period - Curtis McKenzie wins face-off versus Brody Sutter in Penguins zone.
16:51 of 2nd period - Wrist shot by Brody Sutter.
16:51 of 2nd period - Shot Misses the Net.
16:53 of 2nd period - Slapshot by Jyrki Jokipakka.
16:53 of 2nd period - Stopped by Keith Kinkaid without a rebound.
16:54 of 2nd period - Brody Sutter wins face-off versus Curtis McKenzie in Penguins zone.
16:57 of 2nd period - Slapshot by Brody Sutter.
16:57 of 2nd period - Stopped by Keith Kinkaid with a rebound.
17:18 of 2nd period - Slapshot by Alexey Marchenko.
17:18 of 2nd period - Stopped by Keith Kinkaid without a rebound.
17:19 of 2nd period - Curtis McKenzie wins face-off versus Mike Blunden in Penguins zone.
17:26 of 2nd period - 10 Minutes Misconduct Penalty to Drew Bagnall is over.
17:44 of 2nd period - Slapshot by Jyrki Jokipakka.
17:44 of 2nd period - Stopped by Keith Kinkaid with a rebound.
17:46 of 2nd period - Slapshot by Fredrik Claesson.
17:46 of 2nd period - Stopped by Keith Kinkaid with a rebound.
18:06 of 2nd period - Wrist shot by Mike Blunden.
18:06 of 2nd period - Shot Blocked by Andrej Sustr.
18:39 of 2nd period - Penalty to Jeff Schultz is over, Jeff Schultz is back on ice.
Goals for this period are 1 for Admirals NSH vs 0 for Penguins.
Shots for this period are 11 for Admirals NSH vs 12 for Penguins.

3rd period


0:01 of 3rd period - Linden Vey wins face-off versus Corey Tropp in neutral zone.
0:04 of 3rd period - Slapshot by Cody Ceci.
0:04 of 3rd period - Shot Blocked by Fredrik Claesson.
0:26 of 3rd period - Snap shot by Corey Tropp.
0:26 of 3rd period - Stopped by Keith Kinkaid with a rebound.
0:28 of 3rd period - Wrist shot by Mike Blunden.
0:28 of 3rd period - Shot Misses the Net.
0:30 of 3rd period - Snap shot by Corey Tropp.
0:30 of 3rd period - Shot Blocked by Jeff Schultz.
0:52 of 3rd period - Slapshot by Andrej Sustr.
0:52 of 3rd period - Deflect By Charles Sarault.
0:52 of 3rd period - Deflect By Pierre-Cedric Labrie.
0:52 of 3rd period - Shot Misses the Net.
0:52 of 3rd period - Puck is out of play.
0:53 of 3rd period - Charles Sarault wins face-off versus Brody Sutter in Admirals NSH zone.
1:07 of 3rd period - Snap shot by Philippe Cornet.
1:07 of 3rd period - Stopped by Johan Gustafsson with a rebound.
1:39 of 3rd period - Snap shot by Corey Tropp.
1:39 of 3rd period - Shot Blocked by Andrej Sustr.
1:55 of 3rd period - Minor Penalty to Matt Kassian for Holding.
1:56 of 3rd period - Curtis McKenzie wins face-off versus Brody Sutter in Penguins zone.
3:14 of 3rd period - Patrick Mullen is hit by Cody Ceci and loses puck.
3:47 of 3rd period - Linden Vey is hit by Brody Sutter and loses puck.
3:55 of 3rd period - Penalty to Matt Kassian is over, Matt Kassian is back on ice.
4:05 of 3rd period - Mike Blunden is hit by Xavier Ouellet and loses puck.
4:38 of 3rd period - Matt Kassian is hit by Fredrik Claesson and loses puck.
5:52 of 3rd period - Snap shot by Philippe Cornet.
5:52 of 3rd period - Deflect By Garrett Meurs.
5:52 of 3rd period - Stopped by Johan Gustafsson with a rebound.
5:54 of 3rd period - Wrist shot by Charles Sarault.
5:54 of 3rd period - Stopped by Johan Gustafsson with a rebound.
5:56 of 3rd period - Wrist shot by Charles Sarault.
5:56 of 3rd period - Shot Misses the Net.
5:58 of 3rd period - Wrist shot by Xavier Ouellet.
5:58 of 3rd period - Stopped by Johan Gustafsson with a rebound.
6:06 of 3rd period - Marcel Noebels is hit by Charles Sarault and loses puck.
6:35 of 3rd period - Minor Penalty to Farm Player70 for Interference.
6:36 of 3rd period - Charles Sarault wins face-off versus Mike Blunden in Admirals NSH zone.
6:37 of 3rd period - Snap shot by Cody Ceci.
6:37 of 3rd period - Shot Misses the Net.
6:39 of 3rd period - Wrist shot by Philippe Cornet.
6:39 of 3rd period - Stopped by Johan Gustafsson with a rebound.
6:41 of 3rd period - Snap shot by Cody Ceci.
6:41 of 3rd period - Stopped by Johan Gustafsson with a rebound.
6:43 of 3rd period - Snap shot by Charles Sarault.
6:43 of 3rd period - Deflect By Patrick Mullen.
6:43 of 3rd period - Shot Misses the Net.
6:43 of 3rd period - Puck is out of play.
6:44 of 3rd period - Mike Blunden wins face-off versus Charles Sarault in Admirals NSH zone.
7:34 of 3rd period - Slapshot by Andrej Sustr.
7:34 of 3rd period - Deflect By Philippe Cornet.
7:34 of 3rd period - Shot Misses the Net.
7:34 of 3rd period - Puck is out of play.
7:35 of 3rd period - Charles Sarault wins face-off versus Zach Hamill in Admirals NSH zone.
8:24 of 3rd period - Snap shot by Zach Hamill.
8:24 of 3rd period - Stopped by Keith Kinkaid with a rebound.
8:35 of 3rd period - Penalty to Farm Player70 is over, Farm Player70 is back on ice.
8:42 of 3rd period - Dustin Gazley is hit by Alexey Marchenko and loses puck.
8:48 of 3rd period - Minor Penalty to Patrick Mullen for Goalie Interference.
8:49 of 3rd period - Linden Vey wins face-off versus Mike Blunden in Admirals NSH zone.
8:53 of 3rd period - Slapshot by Cody Ceci.
8:53 of 3rd period - Deflect By Jamie Tardif.
8:53 of 3rd period - Stopped by Johan Gustafsson with a rebound.
8:55 of 3rd period - Wrist shot by Carson McMillan.
8:55 of 3rd period - Stopped by Johan Gustafsson with a rebound.
8:57 of 3rd period - Slapshot by Cody Ceci.
8:57 of 3rd period - Shot Misses the Net.
8:59 of 3rd period - Slapshot by Cody Ceci.
8:59 of 3rd period - Shot Blocked by Cameron Schilling.
9:01 of 3rd period - Wrist shot by Carson McMillan.
9:01 of 3rd period - Goal by Carson McMillan - Admirals NSH : 1 - Penguins : 3.
9:02 of 3rd period - Brody Sutter wins face-off versus Curtis McKenzie in neutral zone.
9:27 of 3rd period - Minor Penalty to Curtis McKenzie for Holding.
9:28 of 3rd period - Linden Vey wins face-off versus Mike Blunden in Penguins zone.
9:55 of 3rd period - Slapshot by Cody Ceci.
9:55 of 3rd period - Stopped by Johan Gustafsson with a rebound.
10:17 of 3rd period - Slapshot by Andrej Sustr.
10:17 of 3rd period - Deflect By Fredrik Claesson.
10:17 of 3rd period - Goal by Andrej Sustr - Admirals NSH : 1 - Penguins : 4.
10:18 of 3rd period - Brody Sutter wins face-off versus Dustin Gazley in neutral zone.
10:35 of 3rd period - Snap shot by Brody Sutter.
10:35 of 3rd period - Stopped by Keith Kinkaid with a rebound.
10:39 of 3rd period - Slapshot by Pierre-Cedric Labrie.
10:39 of 3rd period - Stopped by Keith Kinkaid with a rebound.
10:41 of 3rd period - Wrist shot by Jyrki Jokipakka.
10:41 of 3rd period - Shot Misses the Net.
10:43 of 3rd period - Slapshot by Pierre-Cedric Labrie.
10:43 of 3rd period - Stopped by Keith Kinkaid without a rebound.
10:44 of 3rd period - Mike Blunden wins face-off versus Garrett Meurs in Penguins zone.
10:51 of 3rd period - Wrist shot by Frazer McLaren.
10:51 of 3rd period - Shot Blocked by Linden Vey.
10:53 of 3rd period - Snap shot by Frazer McLaren.
10:53 of 3rd period - Stopped by Keith Kinkaid with a rebound.
10:55 of 3rd period - Slapshot by Patrick Mullen.
10:55 of 3rd period - Deflect By Cody Ceci.
10:55 of 3rd period - Stopped by Keith Kinkaid without a rebound.
10:56 of 3rd period - Mike Blunden wins face-off versus Garrett Meurs in Penguins zone.
11:09 of 3rd period - Snap shot by Frazer McLaren.
11:09 of 3rd period - Shot Misses the Net.
11:11 of 3rd period - Snap shot by Mike Blunden.
11:11 of 3rd period - Stopped by Keith Kinkaid with a rebound.
11:27 of 3rd period - Penalty to Curtis McKenzie is over, Curtis McKenzie is back on ice.
11:31 of 3rd period - Snap shot by Matt Kassian.
11:31 of 3rd period - Shot Misses the Net.
13:01 of 3rd period - Xavier Ouellet is hit by Frazer McLaren and loses puck.
13:43 of 3rd period - Snap shot by Marcel Noebels.
13:43 of 3rd period - Stopped by Keith Kinkaid with a rebound.
13:45 of 3rd period - Slapshot by Patrick Mullen.
13:45 of 3rd period - Stopped by Keith Kinkaid without a rebound.
13:46 of 3rd period - Matt Mangene wins face-off versus Farm Player70 in Penguins zone.
13:55 of 3rd period - Slapshot by Dustin Gazley.
13:55 of 3rd period - Deflect By Hunter Bishop.
13:55 of 3rd period - Shot Blocked by Patrick Mullen.
13:55 of 3rd period - Puck is out of play.
13:56 of 3rd period - Brody Sutter wins face-off versus Linden Vey in Admirals NSH zone.
14:01 of 3rd period - Wrist shot by Pierre-Cedric Labrie.
14:01 of 3rd period - Stopped by Keith Kinkaid with a rebound.
15:58 of 3rd period - Cody Ceci is hit by Patrick Mullen and loses puck.
16:22 of 3rd period - Frazer McLaren is hit by Matt Kassian and loses puck.
17:12 of 3rd period - Pierre-Cedric Labrie is hit by Matt Mangene and loses puck.
18:01 of 3rd period - Xavier Ouellet is hit by Farm Player70 and loses puck.
18:46 of 3rd period - Snap shot by Philippe Cornet.
18:46 of 3rd period - Shot Misses the Net.
18:48 of 3rd period - Backhand shot by Carson McMillan.
18:48 of 3rd period - Stopped by Johan Gustafsson with a rebound.
19:14 of 3rd period - Jyrki Jokipakka is hit by Carson McMillan.
19:47 of 3rd period - Off-side.
19:48 of 3rd period - Zach Hamill wins face-off versus Curtis McKenzie in neutral zone.
Goals for this period are 0 for Admirals NSH vs 2 for Penguins.
Shots for this period are 11 for Admirals NSH vs 12 for Penguins.


Output by the SimonT Hockey Simulator (STHS) for Eric Dolegowski -- Original Page W3C XHTML 1.0 Valid
Hockey Simulator - Hockey Simulation - Hockey Manager